 Dungeon Crawl Stone Soup version 0.26.1-11-gd32895ea62 (webtiles) character file.

Game seed: 17733370166866659863

206 seveneves the Shield-Bearer (level 5, -5/47 HPs)
             Began as a Minotaur Fighter on July 17, 2021.
             Slain by an ogre
             ... wielding a +0 giant club
              (15 damage)
             ... on level 4 of the Dungeon.
             The game lasted 00:11:17 (1757 turns).

seveneves the Shield-Bearer (Minotaur Fighter)      Turns: 1757, Time: 00:11:18

Health: -5/47      AC:  8    Str: 19 (22) XL:     5   Next: 53%
Magic:  4/4        EV:  7    Int:  2 (5)  God:
Gold:   135        SH:  9    Dex:  7 (9)  Spells: 4/4 levels left

rFire    + . .     SeeInvis .   a - +1 long sword
rCold    . . .     Faith    .   c - +0 kite shield
rNeg     . . .     Spirit   .   b - +0 scale mail
rPois    .         Reflect  .   (helmet restricted)
rElec    .         Harm     .   (no cloak)
rCorr    .         Rampage  .   (no gloves)
Will     +....                  o - +0 pair of boots
Stlth    ..........             (no amulet)
HPRegen  0.15/turn              h - ring of willpower
MPRegen  0.09/turn              k - ring of protection from fire

@: no status effects
A: retaliatory headbutt, horns 2
a: no special abilities


You were on level 4 of the Dungeon.
You visited 1 branch of the dungeon, and saw 3 of its levels.

You collected 135 gold pieces.

Inventory:

Hand Weapons
 a - a +1 long sword (weapon)
Armour
 b - a +0 scale mail (worn)
 c - a +0 kite shield (worn)
 o - a +0 pair of boots (worn)
Jewellery
 h - a ring of willpower (left hand)
 k - a ring of protection from fire (right hand)
Scrolls
 d - a scroll of immolation {unknown}
 e - 4 scrolls of remove curse
 g - a scroll of amnesia
 i - 9 scrolls of identify
 j - 4 scrolls of teleportation
Potions
 f - a potion of haste
 l - a potion of brilliance {unknown}


   Skills:
 + Level 4.6 Fighting
 + Level 4.2 Long Blades
 + Level 4.4 Armour
 + Level 1.0 Dodging
 + Level 1.0 Stealth
 + Level 4.8 Shields


You had 4 spell levels left.
You didn't know any spells.
Your spell library was empty.

Dungeon Overview and Level Annotations

Branches:
Dungeon (4/15)
 Temple: D:4-7

Altars:


Innate Abilities, Weirdness & Mutations

You reflexively headbutt those who attack you in melee.
You have a pair of horns on your head.


Message History

An ogre comes into view. It is wielding a +0 giant club.
The ogre shouts!
An orc comes into view. It is wielding a +0 flail.
You see here a ring mail.
An ogre is nearby!
The ogre hits you with a +0 giant club!!
You hit the ogre.
The ogre is lightly wounded.
The ogre barely misses you.
You riposte.
You hit the ogre.
The ogre is moderately wounded.
You hit the ogre.
The ogre is moderately wounded.
The ogre hits you with a +0 giant club!
* * * LOW HITPOINT WARNING * * *
The orc shouts!
You hit the ogre.
You headbutt the ogre, but do no damage.
The ogre is heavily wounded.
The ogre hits you with a +0 giant club!
You die...

##### #....##
##.......
#........
#....≈≈≈.
#O..≈≈≈≈≈
####@..≈≈♣≈≈
##[.....≈≈≈≈≈
#..##♣...≈≈≈.
#.## ♣..(.o.
#.# ♣..... #.#
♣...♣ #.# ....
#########.#
...
####.........#
≈.


You could see an ogre and an orc.

Vanquished Creatures
  An orc priest (D:4)
  3 worker ants (D:4)
  A gnoll (D:1)
  2 adders
  A worm (D:2)
  A dart slug (D:2)
  3 leopard geckos
  4 orcs (D:4)
  9 bats
  6 giant cockroaches
  5 hobgoblins
  10 jackals
  6 kobolds
  3 quokkas (D:2)
  A frilled lizard (D:1)
  4 goblins (D:1)
  7 rats
67 creatures vanquished.

Notes
Turn   | Place    | Note
-------+----------+-------------------------------------------
     0 | D:1      | seveneves the Minotaur Fighter began the quest for the Orb.
     0 | D:1      | Reached XP level 1. HP: 19/19 MP: 0/0
   174 | D:1      | Reached XP level 2. HP: 15/27 MP: 1/1
   305 | D:1      | Reached XP level 3. HP: 33/33 MP: 2/2
   776 | D:2      | Reached XP level 4. HP: 36/40 MP: 3/3
  1333 | D:2      | You fall into a shaft and drop 2 floors!
  1348 | D:4      | Reached XP level 5. HP: 16/46 MP: 4/4
  1427 | D:4      | HP: 2/47 [poisoned by an adder]
  1434 | D:4      | HP: 1/47 [poisoned by an adder]
  1476 | D:4      | Reached skill level 1 in Stealth
  1567 | D:4      | Reached skill level 1 in Dodging
  1749 | D:4      | Noticed an ogre
  1757 | D:4      | Slain by an ogre

Illustrated notes

Levels and vault maps discovered:
D:1:      scummos_arrival_simple_fountains, layout_loops_cross
D:2:      layout_loops_cross, grunt_ministairs_2, minmay_indecisive_spiral
D:4:      layout_rooms, elyvilon_altar_3

Skill      XL: |  1  2  3  4  5 |
---------------+----------------+-----
Armour         | 4 |  4.4
Shields        | 4 |  4.8
Fighting       | 4 |  4.6
Long Blades    | 3 4 |  4.2
Stealth        | 1 |  1.0
Dodging        | 1 |  1.0

Action                   |  1- 3 |  4- 6 || total
-------------------------+-------+-------++-------
Melee: Long sword        |    89 |    69 ||   158
       Headbutt          |    10 |     9 ||    19
  Use: Scroll            |     1 |     7 ||     8
       Potion            |       |     6 ||     6
Armor: Scale mail        |    42 |    32 ||    74
Dodge: Dodged            |    37 |    26 ||    63
Block: Kite shield       |    69 |    45 ||   114
       Rpst.: Long sword |    14 |     8 ||    22
